[Event "Early-Titled-Tuesday-Blitz-January-23-2024"]
[Site "Chess.com"]
[Date "2024.01.23"]
[Round "10"]
[White "ukchessbomber"]
[Black "Byniolus"]
[Result "0-1"]
[WhiteElo "2693"]
[BlackElo "2865"]
[TimeControl "180+1"]
[EndTime "9:55:20 PST"]
[Termination "Byniolus won by resignation"]

1. Nf3 d5 2. h3 Nf6 3. e3 Bf5 4. b3 e6 5. Bb2 h6 6. Be2 c6 7. O-O Nbd7 8. c4 Bd6 9. Nc3 O-O 10. d3 Qe7 11. Rc1 a6 12. Qc2 Bh7 13. Qb1 e5 14. cxd5 cxd5 15. Qa1 e4 16. dxe4 dxe4 17. Nh2 Ne5 18.
Rfd1 Rfd8 19. Nd5 Nxd5 20. Rxd5 f6 21. Rcd1 Nd3 22. Bxd3 exd3 23. Rd4 Be5 24. Rxd8+ Rxd8 25. Bxe5 fxe5 26. Ng4 e4 27. Qc3 Bf5 28. Ne5 Kh7 29. a4 Qf6 30. b4 Rd5 31. g4 Bg6 32. f4 exf3 0-1

[Event "Early-Titled-Tuesday-Blitz-January-23-2024"]
[Site "Chess.com"]
[Date "2024.01.23"]
[Round "10"]
[White "jhedigm"]
[Black "Raud100"]
[Result "1-0"]
[WhiteElo "2548"]
[BlackElo "2390"]
[TimeControl "180+1"]
[EndTime "9:55:24 PST"]
[Termination "jhedigm won by resignation"]

1. c4 c6 2. Nf3 d5 3. d4 Nf6 4.
Nc3 dxc4 5. a4 Bf5 6. e3 e6 7. Bxc4 Bb4 8. O-O O-O 9. h3 c5 10. Qe2 Nc6 11. Rd1 Qa5 12. d5 exd5 13. Nxd5 Nxd5 14.
Bxd5 Rad8 15. e4 Bg6 16. Bg5 Rc8 17. b3 Bc3 18. Rac1 Nd4 19. Nxd4 Bxd4 20. Be3 Bxe3 21. Qxe3 b6 22. f4 h6 23. f5 Bh7 24. f6 c4 25. Qg3 Qc5+ 26. Kh1 g6 27. Rxc4 Qa3 28. e5 Qb2 29. Rxc8 Rxc8 30. Qe3 g5 31. Bc4 Qc2 32.
Rd7 Bg6 33. e6 Qf5 34. exf7+ Kh8 35. Qd4 1-0

[Event "Early-Titled-Tuesday-Blitz-January-23-2024"]
[Site "Chess.com"]
[Date "2024.01.23"]
[Round "10"]
[White "Alexei_Gubajdullin"]
[Black "atalz0"]
[Result "1-0"]
[WhiteElo "2587"]
[BlackElo "2474"]
[TimeControl "180+1"]
[EndTime "9:55:27 PST"]
[Termination "Alexei_Gubajdullin won by resignation"]

1. d4 Nf6 2. Nf3 e6 3. Bf4 d5 4. e3 Bd6 5. Bg3 c5 6. Nbd2 O-O 7. Bd3 Nc6 8. c3 b6 9. Ne5 Bb7 10. f4 Ne7 11. Qf3 Nf5 12. h4 Nxg3 13.
Qxg3 Ne4 14. Nxe4 dxe4 15. Bc4 cxd4 16. exd4 Rc8 17. Bb3 Bd5 18. h5 f6 19. h6 Rc7 20. Ng4 g5 21. Rf1 Kh8 22. O-O-O gxf4 23. Rxf4 Rg8 24. Qf2 Bxf4+ 25. Qxf4 Rg6 26. Rf1 Rc8 27. Nxf6 Bxb3 28. axb3 Qxd4 29. Ne8 Qc5 30. b4 Qe7 31. Qe5+ Kg8 32. Nf6+ Rxf6 33. Rxf6 Rd8 34. Rf4 Rd5 35. Rg4+ Kf8 36. Qh8+ Kf7 37. Rg7+ 1-0

[Event "Early-Titled-Tuesday-Blitz-January-23-2024"]
[Site "Chess.com"]
[Date "2024.01.23"]
[Round "10"]
[White "Egor_Koshulyan"]
[Black "Durarbayli"]
[Result "0-1"]
[WhiteElo "2696"]
[BlackElo "2872"]
[TimeControl "180+1"]
[EndTime "9:55:28 PST"]
[Termination "Durarbayli won by resignation"]

1. f4 d5 2. Nf3 g6 3. g3 Bg7 4. Bg2 c5 5. O-O Nc6 6. d3 Nf6 7. Nc3 d4 8. Ne4 Nxe4 9. dxe4 O-O 10. e3 e5 11. exd4 cxd4 12. Ng5 f5 13. fxe5 Nxe5 14. Bf4 Ng4 15. Qe2 Kh8 16. Qc4 Qe7 17. exf5 Bxf5 18. Rae1 Ne3 19. Bxe3 dxe3 20. Ne4 Rac8 21. Qa4 b5 22.
Qa3 Qxa3 23. bxa3 Rxc2 24. Ng5 e2 25. Rf4 Bc3 26. Kf2 Bxe1+ 27. Kxe1 Re8 28. Bd5 Rc1+ 0-1

[Event "Early-Titled-Tuesday-Blitz-January-23-2024"]
[Site "Chess.com"]
[Date "2024.01.23"]
[Round "10"]
[White "andrzej"]
[Black "winniethepooh04"]
[Result "1-0"]
[WhiteElo "2413"]
[BlackElo "2524"]
[TimeControl "180+1"]
[EndTime "9:55:28 PST"]
[Termination "andrzej won by resignation"]

1. e4 e6 2. d4 d5 3. Nc3 dxe4 4. Nxe4 Nd7 5. Nf3 Ngf6 6. Nxf6+ Nxf6 7. Be3 Nd5 8. Bd2 c5 9. Bb5+ Bd7 10. Bxd7+ Qxd7 11. c4 Nb6 12. Rc1 cxd4 13. c5 Nd5 14. Ne5 Qb5 15. Qf3 Nf6 16. a4 Qxb2 17. c6 Bb4 18. O-O O-O 19. Bxb4 Qxb4 20. Rb1 Qxa4 21. cxb7 Rab8 22.
Nc6 Nd5 23. Nxb8 Rxb8 24. Rfc1 Qd7 25. Qb3 Nb6 26. Qc2 Qxb7 27. Qc7 g6 28. Qe5 Qd7 29.
Qxb8+ Kg7 30. Qe5+ Kg8 31. Rc7 Qd8 32. Rbc1 Nd5 33. Rc8 1-0

[Event "Early-Titled-Tuesday-Blitz-January-23-2024"]
[Site "Chess.com"]
[Date "2024.01.23"]
[Round "10"]
[White "ChessSwole"]
[Black "Mistango"]
[Result "1-0"]
[WhiteElo "2632"]
[BlackElo "2516"]
[TimeControl "180+1"]
[EndTime "9:55:29 PST"]
[Termination "ChessSwole won by resignation"]

1. e4 c5 2. c3 d5 3. exd5 Qxd5 4. d4 cxd4 5. cxd4 e5 6. Nf3 exd4 7. Qxd4 Nf6 8. Nc3 Qxd4 9. Nxd4 Bb4 10. Bb5+ Bd7 11. O-O O-O 12. Rd1 Nc6 13. Nxc6 Bxc6 14. Bxc6 bxc6 15. Be3 Bxc3 16. bxc3 Nd5 17. Bd4 Rfe8 18.
Kf1 a5 19. Rab1 Rab8 20. a4 f6 21. g3 Kf7 22. c4 Nb4 23. Bc5 Re4 24. Rd7+ Kg6 25.
Bd6 Rbe8 26. Bxb4 Rb8 27. Re1 Rxc4 28. Bxa5 Rxa4 29. Bd2 Raa8 30. Ree7 Rg8 31. Rc7 Rac8 32. Rxg7+ Rxg7 33. Rxc8 Rd7 34. Be3 Rd6 35. Kg2 Kf5 36.
Kf3 Ke6 37. Ke4 Kd7 38. Rh8 Re6+ 39. Kf5 h5 40. Rh7+ Kd6 41. Bf4+ Kd5 42. Rd7+ 1-0

[Event "Early-Titled-Tuesday-Blitz-January-23-2024"]
[Site "Chess.com"]
[Date "2024.01.23"]
[Round "10"]
[White "FMCarmona"]
[Black "hsd2016"]
[Result "0-1"]
[WhiteElo "2160"]
[BlackElo "2287"]
[TimeControl "180+1"]
[EndTime "9:55:32 PST"]
[Termination "hsd2016 won by resignation"]

1. e4 c5 2. Nf3 e6 3. d4 cxd4 4. Nxd4 a6 5. Bd3 Bc5 6. Nb3 Ba7 7. Qe2 Nc6 8. Be3 Nf6 9. Bxa7 Rxa7 10. c4 Qe7 11.
O-O O-O 12. Nc3 d6 13. f4 Rd8 14.
Kh1 b6 15. Rad1 Rad7 16. Qe3 Rb7 17. Be2 Qc7 18. Nd2 e5 19. Nf3 exf4 20. Qxf4 Be6 21. Nd5 Bxd5 22. exd5 Ne7 23. Ng5 Ng6 24. Qd2 Rbb8 25.
Bd3 Re8 26. Rxf6 gxf6 27. Ne4 Rxe4 28. Bxe4 Qxc4 29. b3 Qxe4 0-1

[Event "Early-Titled-Tuesday-Blitz-January-23-2024"]
[Site "Chess.com"]
[Date "2024.01.23"]
[Round "10"]
[White "omulcafea"]
[Black "Ducke13"]
[Result "1-0"]
[WhiteElo "2454"]
[BlackElo "2296"]
[TimeControl "180+1"]
[EndTime "9:55:34 PST"]
[Termination "omulcafea won on time"]

1. b3 Nf6 2. Bb2 g6 3. Nf3 Bg7 4. g3 O-O 5. Bg2 d6 6. c4 Na6 7.
O-O e5 8. d3 Nc5 9. Nc3 a5 10.
a3 Rb8 11. b4 axb4 12. axb4 Ne6 13. Nd2 b6 14. e3 Bb7 15. Nd5 c6 16. Nxf6+ Bxf6 17.
Ra7 Bg7 18. b5 d5 19. Rxb7 Rxb7 20. bxc6 Ra7 21. cxd5 Nc5 22. Nb3 Ra2 23. Qb1 Ra4 24. Nxc5 bxc5 25. Qc2 Qa5 26. d6 Ra2 27. c7 Qb6 28.
Rb1 Qxd6 29. Bxe5 Qe6 30. Qxc5 Bxe5 31. Bd5 Qa6 32. Bxa2 Qxa2 33. Qxf8+ Kxf8 34. c8=Q+ Kg7 35. Rd1 Qe2 36. Qc1 h5 37. d4 1-0

[Event "Early-Titled-Tuesday-Blitz-January-23-2024"]
[Site "Chess.com"]
[Date "2024.01.23"]
[Round "10"]
[White "AvitalBor"]
[Black "otrov-11"]
[Result "1-0"]
[WhiteElo "2757"]
[BlackElo "2511"]
[TimeControl "180+1"]
[EndTime "9:55:36 PST"]
[Termination "AvitalBor won by resignation"]

1. b3 Nf6 2. Bb2 e6 3. g3 d5 4. Bg2 Be7 5. e3 O-O 6. Ne2 b6 7. O-O Bb7 8. a4 a5 9. d3 Nbd7 10. Nd2 e5 11. d4 Bd6 12. c4 exd4 13. Nxd4 Ne5 14. Qc2 Qc8 15. Nf5 dxc4 16. Bxe5 cxb3 17. Nxb3 Bxg2 18. Bxd6 Qb7 19. Bxf8 Be4 20. Qe2 Kxf8 21. Nfd4 Re8 22. f3 Bg6 23. Qd2 Kg8 24. e4 h5 25.
Nf5 Kh7 26. Rac1 b5 27. Qxa5 bxa4 28. Qxa4 Ra8 29. Qc6 Qa7+ 30. Kh1 Qa3 31. Ra1 Qxb3 32. Qxa8 h4 33. Nxh4 Bh5 34. Qa3 Qc4 35. Qe3 Qe6 36.
Nf5 Bg6 37. Qf4 Qc6 38. Qh4+ Kg8 39. Rac1 Qe8 40. Rxc7 1-0

[Event "Early-Titled-Tuesday-Blitz-January-23-2024"]
[Site "Chess.com"]
[Date "2024.01.23"]
[Round "10"]
[White "Alexchess1984"]
[Black "SulfatoFerroso"]
[Result "1-0"]
[WhiteElo "2685"]
[BlackElo "2123"]
[TimeControl "180+1"]
[EndTime "9:55:37 PST"]
[Termination "Alexchess1984 won on time"]

1. e4 c5 2. Nf3 e6 3. c3 Nc6 4. d4 d5 5. e5 Qb6 6. a3 Bd7 7. b4 cxd4 8. cxd4 Rc8 9. Bb2 Nge7 10. Nc3 Nf5 11. Na4 Qc7 12. Bd3 b6 13. O-O Be7 14. Ba6 Rb8 15. Bd3 O-O 16. Rc1 Qd8 17. Bxf5 exf5 18.
Nc3 Be6 19. Qd3 g5 20. Ne2 g4 21. Nd2 Bg5 22. Rxc6 Rc8 23. Rxc8 Qxc8 24. f4 gxf3 25. Nxf3 Bh6 26. Bc3 Kh8 27. Bd2 Bg7 28. Bg5 Rg8 29. Rc1 Qe8 30. Qe3 1-0

[Event "Early-Titled-Tuesday-Blitz-January-23-2024"]
[Site "Chess.com"]
[Date "2024.01.23"]
[Round "10"]
[White "Bigfish1995"]
[Black "GHANDEEVAM2003"]
[Result "1-0"]
[WhiteElo "3138"]
[BlackElo "3047"]
[TimeControl "180+1"]
[EndTime "9:55:40 PST"]
[Termination "Bigfish1995 won by resignation"]

1. e4 c6 2. d4 d5 3. e5 Bf5 4.
Nf3 e6 5. Be2 c5 6. c3 Nc6 7.
O-O h6 8. Be3 cxd4 9. Nxd4 Nge7 10. Bb5 Bh7 11. Qh5 Qd7 12. Nd2 a6 13. Bxc6 bxc6 14. b4 Bg6 15. Qe2 Nf5 16. Nxf5 Bxf5 17. Nb3 Be7 18. Bc5 O-O 19. Bxe7 Qxe7 20. a4 f6 21. a5 Qc7 22. Rae1 Be4 23. Nc5 Bf5 24. g4 fxe5 25. gxf5 Rxf5 26. f4 e4 27. Nxe6 Qd6 28. Nd4 Rf6 29. f5 c5 30. bxc5 Qxc5 31. Qe3 Qxa5 32.
Kh1 Qc7 33. Rg1 Qb6 34. Rg3 Ra7 35. Reg1 Kh7 36. Qf4 Raf7 37. Qe5 Qb7 38. Ne6 d4 39. Rxg7+ Kh8 40. Rxf7 Qxf7 41. Qxd4 h5 42. Ng5 1-0

[Event "Early-Titled-Tuesday-Blitz-January-23-2024"]
[Site "Chess.com"]
[Date "2024.01.23"]
[Round "10"]
[White "vladislavkovalev"]
[Black "ChessQueen"]
[Result "1-0"]
[WhiteElo "2866"]
[BlackElo "2738"]
[TimeControl "180+1"]
[EndTime "9:55:40 PST"]
[Termination "vladislavkovalev won by checkmate"]

1. e4 c6 2. Nf3 d5 3. d3 Qc7 4.
Nc3 Nf6 5. e5 Nfd7 6. Bf4 e6 7.
h4 Bb4 8. a3 Bxc3+ 9. bxc3 f6 10. d4 O-O 11. Bg3 Qa5 12. Qd2 c5 13. Bd3 Nc6 14.
exf6 Nxf6 15. Bd6 Rd8 16. dxc5 b6 17. Ne5 Nxe5 18. Bxe5 Qxc5 19. h5 Ng4 20. Qg5 Qxf2+ 21. Kd1 Ne3+ 22. Kc1 Rd7 23. h6 Ba6 24. Bxh7+ Kf8 25.
hxg7+ Kf7 26. Bg6+ Kg8 27. Rh8# 1-0

[Event "Early-Titled-Tuesday-Blitz-January-23-2024"]
[Site "Chess.com"]
[Date "2024.01.23"]
[Round "10"]
[White "FMCASTE"]
[Black "simonachess"]
[Result "1-0"]
[WhiteElo "2505"]
[BlackElo "2356"]
[TimeControl "180+1"]
[EndTime "9:55:40 PST"]
[Termination "FMCASTE won by resignation"]

1. d4 Nf6 2. Bf4 c5 3. e3 e6 4. Nf3 Be7 5. Nbd2 O-O 6. Bd3 b6 7. c3 Bb7 8. O-O d6 9. h3 Re8 10. Bh2 Bf8 11. a4 a6 12. a5 b5 13. c4 b4 14. Qc2 g6 15. Rfd1 Qe7 16. Bg3 Bg7 17.
Bh4 h6 18. dxc5 dxc5 19. Be4 Nc6 20. Bxc6 Bxc6 21. Ne5 Bb7 22. Nb3 g5 23. Bg3 Rad8 24. Qe2 Bf8 25. Rxd8 Rxd8 26. Nd3 Ne4 27. Bh2 Rc8 28. f3 Nf6 29. f4 Ne4 30. fxg5 hxg5 31. Rf1 Bg7 32. Ne5 Rd8 33. Rxf7 Qxf7 34. Nxf7 Kxf7 35.
Qh5+ Kg8 36. Bc7 Rf8 37. Nxc5 Nxc5 38. Bd6 Rf5 39. Qe8+ Kh7 40. Qe7 Be4 41. Bxc5 Rxc5 42. Qxc5 1-0

[Event "Early-Titled-Tuesday-Blitz-January-23-2024"]
[Site "Chess.com"]
[Date "2024.01.23"]
[Round "10"]
[White "TheNextLevelFan"]
[Black "wild3000"]
[Result "1-0"]
[WhiteElo "2568"]
[BlackElo "2450"]
[TimeControl "180+1"]
[EndTime "9:55:43 PST"]
[Termination "TheNextLevelFan won by resignation"]

1. e4 e6 2. Nc3 d5 3. d4 Bb4 4. e5 c5 5. a3 Bxc3+ 6. bxc3 Ne7 7. h4 Nbc6 8. Qg4 Qc7 9. Qxg7 Rg8 10. Qxh7 cxd4 11. Nf3 Nxe5 12. Nxe5 Qxe5+ 13. Kd1 Bd7 14. Bg5 f6 15. Qh5+ Kd8 16. f4 Qe3 17. Bxf6 Qxc3 18. Rb1 Ba4 19. Qh7 Re8 20. Rxb7 Qa1+ 21. Kd2 Qxa3 22.
Bd3 Rc8 23. Ra1 Qc3+ 24. Ke2 Bd7 25. Raxa7 Qc6 26. Rxd7+ Qxd7 27. Rxd7+ Kxd7 28. Bb5+ Kd6 29. Bxe8 Rxe8 30. Bxd4 Nf5 31. Be5+ Kc5 32. Qc7+ Kb5 33. Qd7+ 1-0

[Event "Early-Titled-Tuesday-Blitz-January-23-2024"]
[Site "Chess.com"]
[Date "2024.01.23"]
[Round "10"]
[White "LaPiToB"]
[Black "MIss_MIaMI"]
[Result "0-1"]
[WhiteElo "2283"]
[BlackElo "2429"]
[TimeControl "180+1"]
[EndTime "9:55:43 PST"]
[Termination "MIss_MIaMI won by resignation"]

1. d4 c5 2. d5 g6 3. c4 Bg7 4. Nc3 Bxc3+ 5. bxc3 Qa5 6. Qd3 f5 7. h4 Nf6 8. h5 gxh5 9. Bd2 d6 10. Nf3 Nbd7 11.
Qxf5 Ne5 12. Qf4 Nxf3+ 13. gxf3 Bd7 14. e4 Qc7 15. Rb1 O-O-O 16. Qe3 Rdf8 17. Be2 Rhg8 18. Qd3 Be8 19. Bh6 Rf7 20. f4 Bd7 21. Kd2 Ng4 22. Bxg4 hxg4 23. Bg5 Qa5 24. Rb2 Qa3 25. Rhb1 b6 26.
Ke3 Rxg5 27. Qc2 Rh5 28. Rb3 Rh3+ 29. Ke2 Qa6 30. e5 Qxc4+ 31. Kd2 Rxf4 32. e6 Rxf2+ 33. Kc1 Rxc2+ 34. Kxc2 Rh2+ 0-1

[Event "Early-Titled-Tuesday-Blitz-January-23-2024"]
[Site "Chess.com"]
[Date "2024.01.23"]
[Round "10"]
[White "ama18"]
[Black "Arystanner"]
[Result "0-1"]
[WhiteElo "2546"]
[BlackElo "2790"]
[TimeControl "180+1"]
[EndTime "9:55:45 PST"]
[Termination "Arystanner won by resignation"]

1. Nf3 d5 2. g3 b6 3. Bg2 Bb7 4. O-O Nd7 5. d4 e6 6. b3 Ngf6 7. Bb2 Be7 8. Ne5 c5 9. c4 O-O 10. cxd5 Nxd5 11. e4 N5f6 12. Nxd7 Qxd7 13. dxc5 Qxd1 14. Rxd1 Bxc5 15. Nc3 Ng4 16. Rd2 Rad8 17. Rad1 Nxf2 18. Rxf2 Rxd1+ 19. Nxd1 Rd8 20. Bf3 Bxe4 21. Be2 Rd2 22. Kf1 Bxf2 23. Nxf2 Bg2+ 24. Kxg2 Rxe2 25.
Bc3 Rxa2 26. b4 f6 27. Kf1 e5 28. h3 Ra3 29. Be1 Rxg3 30. Ne4 Rxh3 31. Nd6 Rd3 32. Nc8 Rd7 33. b5 Kf7 34. Bb4 Ke6 35. Ke2 Kd5 36.
Ne7+ Kc4 37. Ba3 Kxb5 38. Nf5 a5 39. Bf8 g6 40. Nd6+ Kc6 41. Ne4 f5 42. Ng5 b5 0-1

[Event "Early-Titled-Tuesday-Blitz-January-23-2024"]
[Site "Chess.com"]
[Date "2024.01.23"]
[Round "10"]
[White "R2D2PTY"]
[Black "NewYearGirl"]
[Result "0-1"]
[WhiteElo "2257"]
[BlackElo "2374"]
[TimeControl "180+1"]
[EndTime "9:55:46 PST"]
[Termination "NewYearGirl won by checkmate"]

1. e4 c5 2. Nf3 d6 3. Bb5+ Nd7 4. a4 Nf6 5. Nc3 g6 6. O-O Bg7 7. Re1 O-O 8. Bf1 b6 9. d3 Bb7 10. Bf4 a6 11. Qc1 Bc6 12. Bh6 b5 13. Bxg7 Kxg7 14.
Qg5 h6 15. Qg3 Nh5 16. Qh3 Ndf6 17. e5 dxe5 18. Nxe5 Be8 19. Qf3 b4 20. Nb1 Kh7 21. Nd2 Rc8 22. Ndc4 Ng7 23. c3 Nf5 24. g4 Nh4 25.
Qg3 g5 26. a5 Nd5 27. cxb4 cxb4 28. Rad1 Nf4 29. d4 Bb5 30. Nb6 Rc2 31. Bxb5 axb5 32. Nd3 Qd6 33. Nxf4 Qxf4 34. Qd3+ Kh8 35. Qxc2 Nf3+ 36. Kf1 Nxh2+ 37. Ke2 Nxg4 38. Qd3 Qxf2# 0-1

[Event "Early-Titled-Tuesday-Blitz-January-23-2024"]
[Site "Chess.com"]
[Date "2024.01.23"]
[Round "10"]
[White "StankovicIvan"]
[Black "doctorcristian"]
[Result "1-0"]
[WhiteElo "2531"]
[BlackElo "2608"]
[TimeControl "180+1"]
[EndTime "9:55:49 PST"]
[Termination "StankovicIvan won by checkmate"]

1. e4 c6 2. d4 d5 3. e5 Bf5 4.
h4 c5 5. g4 Bd7 6. dxc5 e6 7.
Be3 Nc6 8. f4 h5 9. gxh5 Nh6 10.
Bh3 d4 11. Bf2 Bxc5 12. Nf3 Qb6 13. Nbd2 O-O-O 14. Ne4 Qxb2 15. Rb1 Qa3 16. O-O Be7 17. Rb3 Qa5 18. Qe2 Nf5 19. Rfb1 Qc7 20. Rxb7 Qxb7 21.
Rxb7 Kxb7 22. Bxf5 exf5 23. Nd6+ Bxd6 24. exd6 Rhe8 25.
Ne5 Nxe5 26. fxe5 f6 27. Qf3+ Bc6 28. Qb3+ Ka8 29. Qc4 Bb7 30. exf6 gxf6 31. Qxd4 Re4 32. Qxa7# 1-0

[Event "Early-Titled-Tuesday-Blitz-January-23-2024"]
[Site "Chess.com"]
[Date "2024.01.23"]
[Round "10"]
[White "M1711"]
[Black "ATM622"]
[Result "1-0"]
[WhiteElo "2647"]
[BlackElo "2491"]
[TimeControl "180+1"]
[EndTime "9:55:49 PST"]
[Termination "M1711 won by resignation"]

1. Nf3 d5 2. c4 c6 3. d4 Nf6 4.
Nc3 g6 5. cxd5 cxd5 6. Bf4 Bg7 7. e3 O-O 8. h3 a6 9. Bd3 b5 10.
O-O Bb7 11. a4 b4 12. Na2 a5 13. Nc1 Ne4 14. Nb3 Nd7 15. Qe2 Qb6 16. Bb5 Ndf6 17. Rfc1 Rac8 18. Ne5 Nd6 19. Nc5 Rfd8 20. Nxb7 Nxb7 21.
Nc6 Re8 22. Nxe7+ Rxe7 23. Rxc8+ Bf8 24. Rac1 Kg7 25. R1c6 Qa7 26. Ra6 Qxd4 27. exd4 Rxe2 28. Bxe2 1-0

[Event "Early-Titled-Tuesday-Blitz-January-23-2024"]
[Site "Chess.com"]
[Date "2024.01.23"]
[Round "10"]
[White "BogdanDeac"]
[Black "GianmarcoVaR"]
[Result "1-0"]
[WhiteElo "3060"]
[BlackElo "2747"]
[TimeControl "180+1"]
[EndTime "9:55:50 PST"]
[Termination "BogdanDeac won on time"]

1. e4 c6 2. Nf3 d5 3. Nc3 dxe4 4. Nxe4 Nf6 5. Qe2 Nxe4 6. Qxe4 Be6 7. b3 Nd7 8. Bb2 Nf6 9. Qe3 Nd5 10. Qe4 Nf6 11. Qh4 g6 12. Ng5 Qd7 13. O-O-O Bg7 14. Re1 Bf5 15. Bc4 O-O-O 16. d3 e6 17. g4 h6 18.
Nxf7 Qxf7 19. gxf5 Nd5 20. fxe6 Bxb2+ 21. Kxb2 Qg7+ 22. d4 g5 23. Qe4 Nf4 24. e7 Rxd4 25. e8=Q+ Rd8+ 26. Q8e5 1-0

[Event "Early-Titled-Tuesday-Blitz-January-23-2024"]
[Site "Chess.com"]
[Date "2024.01.23"]
[Round "10"]
[White "01Roman"]
[Black "kekic76"]
[Result "1-0"]
[WhiteElo "2473"]
[BlackElo "2339"]
[TimeControl "180+1"]
[EndTime "9:55:51 PST"]
[Termination "01Roman won by checkmate"]

1. Nf3 d5 2. d4 Nf6 3. c4 e6 4.
g3 Be7 5. Bg2 O-O 6. O-O b6 7.
cxd5 exd5 8. Nc3 Bb7 9. Bf4 a6 10. Rc1 Nbd7 11. Ne5 Rc8 12. a3 Ne4 13. Nxe4 dxe4 14. Nc6 Bxc6 15. Rxc6 Nf6 16. e3 Qd7 17. Qc2 Bd6 18. Rc1 Bxf4 19. gxf4 Ng4 20. Qxe4 Rfe8 21. Qf3 Nf6 22. Bh3 Qe7 23. Bxc8 Rxc8 24. Rxb6 Nd7 25. Rxa6 g6 26. Ra8 Rxa8 27. Qxa8+ Kg7 28. Rxc7 Qe6 29. Qf3 Nf6 30. f5 Qb6 31. Rb7 Qa6 32. fxg6 hxg6 33. Rc7 Qd6 34. Rc6 Qe7 35. Qxf6+ Qxf6 36.
Rxf6 Kxf6 37. e4 Ke6 38. f4 Kd6 39. h4 f6 40. a4 Kc6 41. b4 Kb6 42. Kf2 Kc6 43. d5+ Kd6 44. Ke3 f5 45. exf5 gxf5 46. Kd4 Kd7 47. Ke5 Ke7 48. Kxf5 Kd6 49. Ke4 Kd7 50.
h5 Kc7 51. h6 Kb7 52. h7 Ka7 53. h8=Q Kb6 54. Qf6+ Kb7 55. Qe7+ Ka6 56. d6 Kb6 57. d7 Ka6 58. d8=R Kb6 59. Rd6# 1-0

[Event "Early-Titled-Tuesday-Blitz-January-23-2024"]
[Site "Chess.com"]
[Date "2024.01.23"]
[Round "10"]
[White "MightyGMpretender"]
[Black "Denis_Makhnyov"]
[Result "1-0"]
[WhiteElo "2760"]
[BlackElo "2992"]
[TimeControl "180+1"]
[EndTime "9:55:52 PST"]
[Termination "MightyGMpretender won on time"]

1. Nf3 d5 2. e3 c5 3. Bb5+ Bd7 4. Bxd7+ Qxd7 5. b3 Nc6 6. Bb2 e6 7. O-O Nf6 8. Ne5 Nxe5 9. Bxe5 Be7 10. d3 O-O 11. Nd2 Qc6 12. Qe2 Rae8 13. f4 Nd7 14. Nf3 Nxe5 15.
Nxe5 Qc7 16. Rae1 b5 17. Kh1 Bf6 18. Ng4 Bc3 19. Rd1 Qa5 20. f5 Qxa2 21. f6 a5 22. d4 g6 23. Qf2 cxd4 24. exd4 Kh8 25. Rd3 Rc8 26. Rh3 g5 27. Qe2 Rg8 28. Ne5 Rc7 29.
Rxh7+ 1-0

[Event "Early-Titled-Tuesday-Blitz-January-23-2024"]
[Site "Chess.com"]
[Date "2024.01.23"]
[Round "10"]
[White "only_strong_moves"]
[Black "Juicy_Fork"]
[Result "0-1"]
[WhiteElo "2585"]
[BlackElo "2441"]
[TimeControl "180+1"]
[EndTime "9:55:52 PST"]
[Termination "Juicy_Fork won by resignation"]

1. d4 Nf6 2. Nc3 d5 3. Bf4 g6 4. e3 Bg7 5. h4 h5 6. Be2 O-O 7. Nf3 c5 8. a3 Nc6 9. dxc5 e6 10. Ne5 Nxe5 11. Bxe5 Re8 12. Qd4 Bd7 13. O-O-O b6 14. cxb6 axb6 15. e4 Bc6 16. exd5 exd5 17. f4 b5 18. g4 hxg4 19. Bxg4 b4 20. Nb1 bxa3 21. Nxa3 Qe7 22. Bf3 Rxa3 23. bxa3 Qxa3+ 24. Kd2 Qxf3 25. Rhe1 Ne4+ 26. Rxe4 dxe4 27. Bxg7 e3+ 28. Kc1 e2 29. Re1 Re4 30. Qc3 Qxf4+ 31. Kb2 Rb4+ 32. Ka3 Ra4+ 33.
Kb2 Bd5 34. Be5 Qc4 35. Qxc4 Bxc4 36. Kc3 Ba6 37. Kb3 Rxh4 38. Bc3 Re4 39. Bd2 Kg7 40. Kc3 Re6 41. Kb3 g5 42. c4 f6 43. Bc3 Rc6 44. Kb4 Bxc4 45. Bd4 Ba6 46. Ra1 Bd3 47. Ra7+ Kg6 48. Ra1 Rc4+ 0-1

[Event "Early-Titled-Tuesday-Blitz-January-23-2024"]
[Site "Chess.com"]
[Date "2024.01.23"]
[Round "10"]
[White "Hamisandwich"]
[Black "FM_VS99"]
[Result "0-1"]
[WhiteElo "2695"]
[BlackElo "2565"]
[TimeControl "180+1"]
[EndTime "9:55:53 PST"]
[Termination "FM_VS99 won by resignation"]

1. e4 c5 2. d4 cxd4 3. Nf3 g6 4.
c3 d3 5. Bxd3 Bg7 6. O-O d6 7.
Bf4 Nf6 8. h3 O-O 9. Re1 b6 10.
c4 Bb7 11. Nc3 Nbd7 12. Qd2 Rc8 13. Bh6 Ne5 14. Nxe5 dxe5 15. Nd5 Bxh6 16. Qxh6 e6 17. Nxf6+ Qxf6 18. b3 Rfd8 19. Rad1 Rd4 20. Bc2 Rcd8 21.
Rxd4 exd4 22. e5 Qe7 23. Bd3 Qb4 24. Rd1 Qa5 25. Qg5 Rf8 26. Rd2 f6 27. Qg4 Qxd2 28.
Qxe6+ Rf7 29. Qe8+ Kg7 30. e6 Rc7 31. e7 Qe1+ 0-1

[Event "Early-Titled-Tuesday-Blitz-January-23-2024"]
[Site "Chess.com"]
[Date "2024.01.23"]
[Round "10"]
[White "viktorgen2021"]
[Black "enriquetejedor"]
[Result "1-0"]
[WhiteElo "2575"]
[BlackElo "2715"]
[TimeControl "180+1"]
[EndTime "9:55:55 PST"]
[Termination "viktorgen2021 won by resignation"]

1. d4 d6 2. Nf3 c6 3. g3 Nf6 4.
Bg2 g6 5. O-O Bg7 6. a4 a5 7.
Nc3 O-O 8. h3 Na6 9. e4 Nb4 10.
Re1 Nd7 11. e5 dxe5 12. dxe5 Nc5 13. Be3 Qxd1 14. Raxd1 Ne6 15. Rd2 h6 16. Red1 Kh7 17. h4 Re8 18. Bf1 Nc7 19. Ne4 Bg4 20. Be2 Nbd5 21. Bd4 Ne6 22. c3 Rac8 23. Nfg5+ Nxg5 24. hxg5 Bxe2 25. Rxe2 hxg5 26. Nxg5+ Kg8 27. e6 Bxd4 28. exf7+ Kg7 29. fxe8=Q Bxf2+ 30. Rxf2 Rxe8 31. c4 Nf6 32. Ne6+ Kf7 33. Nc5 b6 34. Nd7 c5 35. Nxf6 exf6 36.
Rd6 f5 37. Rxb6 Re4 38. b3 Kg7 39. Kg2 Kh6 40. Rb5 Kg5 41. Rxc5 Re3 42. Rb5 Kg4 43. Rf4+ Kg5 44. c5 Re2+ 45. Kf3 Re1 46. Rc4 f4 47. c6+ Kh6 48. gxf4 1-0

[Event "Early-Titled-Tuesday-Blitz-January-23-2024"]
[Site "Chess.com"]
[Date "2024.01.23"]
[Round "10"]
[White "mertfelin"]
[Black "LuminaryHunter"]
[Result "1-0"]
[WhiteElo "2271"]
[BlackElo "2129"]
[TimeControl "180+1"]
[EndTime "9:55:55 PST"]
[Termination "mertfelin won by checkmate"]

1. e4 Nf6 2. e5 Nd5 3. d4 d6 4.
c4 Nb6 5. exd6 cxd6 6. Nc3 g6 7.
Be3 Bg7 8. Rc1 O-O 9. b3 Nc6 10. d5 Nb4 11. a3 Na6 12. b4 Bf5 13. Nf3 Rc8 14. Bxb6 Qxb6 15. Bd3 Bg4 16. h3 Bd7 17. O-O Nc7 18. Re1 Rfe8 19. Ne4 a5 20. c5 dxc5 21. bxc5 Qa7 22. d6 Nd5 23. Bc4 Bc6 24. Bxd5 Bxd5 25. d7 Bxe4 26. dxe8=Q+ Rxe8 27. Rxe4 Bb2 28. Rb1 Bxa3 29.
Qd7 Rf8 30. Rxb7 Qxc5 31. Rd4 e6 32. h4 Qc1+ 33. Rd1 Qf4 34. Qd4 Qf5 35. Ne5 Qc2 36. Ng4 Bc5 37. Nh6# 1-0

[Event "Early-Titled-Tuesday-Blitz-January-23-2024"]
[Site "Chess.com"]
[Date "2024.01.23"]
[Round "10"]
[White "Predator0608"]
[Black "DavidGavrilescu18"]
[Result "0-1"]
[WhiteElo "2516"]
[BlackElo "2792"]
[TimeControl "180+1"]
[EndTime "9:55:57 PST"]
[Termination "DavidGavrilescu18 won by resignation"]

1. e4 Nc6 2. d4 Rb8 3. d5 Ne5 4. f4 Ng6 5. Nf3 e6 6. h4 exd5 7.
exd5 Bc5 8. h5 N6e7 9. Bd2 Nxd5 10. c4 Qe7+ 11. Be2 Ne3 12. Qb3 Nxg2+ 13. Kd1 Ne3+ 14. Kc1 Nf6 15. h6 gxh6 16. Nc3 d6 17. Na4 Neg4 18. Bd3 O-O 19. Nxc5 dxc5 20. Qc3 Ne4 21.
Bxe4 Qxe4 22. Rg1 Bf5 23. Ne5 h5 24. Re1 Qd4 25. Qg3 Rbd8 26. Bc3 Qf2 27. Qxf2 Nxf2 28.
Rg1+ Ng4 29. b3 f6 30. Nf3 Rd3 31. Nh4 Rxc3+ 32. Kb2 Rc2+ 0-1